 Dungeon Sprint DCSS version 0.22-a0-469-gf26638a (webtiles) character file.

215263 emperorscorpion the Sorcerer (level 17, -5/159 HPs)
             Began as a Yellow Draconian Transmuter on June 10, 2018.
             Was the Champion of Sif Muna.
             Killed from afar by a shadow dragon (35 damage)
             ... with a bolt of negative energy
             ... in the Dungeon (Sprint IX: "|||||||||||||||||||||||||||||") on June 12, 2018.
             The game lasted 00:57:31 (12077 turns).

emperorscorpion the Sorcerer (DrTm)                Turns: 12077, Time: 00:57:32

Health: -5/159     AC: 18    Str: 13    XL:     17   Next: 0%
Magic:  45/53      EV: 20    Int: 31    God:    Sif Muna [******]
Gold:   573        SH:  0    Dex: 13    Spells: 16/68 levels left

rFire    . . .     SeeInvis .   m - +6 Majin-Bo {vamp, Archmagi MP+6 Int+6}
rCold    . . .     Gourm    .   (shield currently unavailable)
rNeg     . . .     Faith    .   (armour unavailable)
rPois    .         Spirit   .   (helmet restricted)
rElec    .         Reflect  .   P - +2 cloak
rCorr    +         Harm     .   n - +2 pair of gloves
MR       +....     NoTele   +   z - +2 pair of boots
Stlth    +++.......             (no amulet)
HPRegen  0.36/turn              O - +6 ring of intelligence
MPRegen  0.33/turn              N - ring of wizardry

@: short of breath, drained
A: spit acid, acid resistance, unfitting armour, acidic bite, cold-blooded, AC
+9
}: 4/15 runes: decaying, serpentine, barnacled, gossamer
a: Breathe Acid, Divine Energy, Channel Magic, Forget Spell, Renounce Religion


You were in the Dungeon.
You worshipped Sif Muna.
Sif Muna was exalted by your worship.
You were hungry.

You visited 1 branch You collected 1965 gold pieces.
You spent 1392 gold pieces at shops.

Inventory:

Hand Weapons
 m - the +6 Majin-Bo (weapon) {vamp, Archmagi MP+6 Int+6}
   (You found it in the Dungeon)

   It inflicts no extra harm, but heals its wielder when it wounds a living foe.
   It affects your intelligence (+6).
   It affects your magic capacity (+6).
Missiles
 a - 133 arrows
 w - 4 tomahawks (quivered)
 F - 2 throwing nets
 R - 15 javelins of penetration
Armour
 n - a +2 pair of gloves (worn)
 y - a scarf of resistance
 z - a +2 pair of boots (worn)
 P - a +2 cloak (worn)
Magical Staves
 l - an uncursed staff of energy
 t - an uncursed staff of wizardry
Jewellery
 o - a +2 ring of protection
 p - a +2 ring of evasion
 C - an uncursed ring of flight
 G - a +4 ring of dexterity
 H - an uncursed ring of protection from fire
 I - an uncursed ring of poison resistance
 J - an uncursed ring of fire
 L - an uncursed ring of magical power
 M - a +4 ring of evasion
 N - a ring of wizardry (right hand)
 O - a +6 ring of intelligence (left hand)
Scrolls
 h - 7 scrolls of remove curse
 i - 2 scrolls of blinking
 j - 2 scrolls of amnesia
 q - 3 scrolls of identify
 u - 8 scrolls of enchant weapon
 v - 3 scrolls of fear
 A - 4 scrolls of fog
 B - 2 scrolls of immolation
 S - a scroll of enchant armour
Potions
 b - a potion of invisibility
 c - a potion of resistance
 d - 2 potions of curing
 e - 8 potions of heal wounds
 f - a potion of haste
 g - 4 potions of magic
 k - 3 potions of might
 r - 4 potions of berserk rage
 s - a potion of brilliance
 D - 2 potions of mutation
 K - a potion of agility
Miscellaneous
 E - a lightning rod (4/4)
 Q - a box of beasts
Comestibles
 x - 4 rations
 T - 2 chunks of flesh


   Skills:
 + Level 16.4(15.5) Fighting
 - Level 16.1(15.2) Staves
 + Level 0.9(0.3) Throwing
 + Level 14.6(13.7) Dodging
 + Level 6.6(5.9) Stealth
 - Level 7.6(6.8) Unarmed Combat
 * Level 26.1(25.0) Spellcasting
 * Level 23.7(22.7) Conjurations
 + Level 7.4(6.7) Charms
 + Level 9.2(8.4) Necromancy
 + Level 0.4(0.0) Translocations
 - Level 3.9(3.3) Transmutations
 - Level 6.3(5.6) Air Magic
 + Level 11.6(10.8) Invocations
 + Level 17.3(16.4) Evocations


You had 16 spell levels left.
You knew the following spells:

 Your Spells              Type           Power        Failure   Level  Hunger
b - Blink                 Tloc           N/A          1%          2    None
d - Lightning Bolt        Conj/Air       ########..   1%          5    None
e - Iskenderun's Mystic   Conj           ########     0%          4    None
f - Vampiric Draining     Necr           #######...   1%          3    None
g - Mephitic Cloud        Conj/Pois/Air  #######.     1%          3    None
h - Orb of Destruction    Conj           ########..   1%          7    None
i - Ozocubu's Armour      Chrm/Ice       ######..     1%          3    None
j - Deflect Missiles      Chrm/Air       #######...   3%          6    None
k - Freezing Cloud        Conj/Ice/Air   #######...   1%          6    None
l - Sticks to Snakes      Tmut           ######..     1%          2    None
r - Regeneration          Chrm/Necr      #######...   1%          3    None
D - Death's Door          Chrm/Necr      #######...   58%         8    ###....

Your spell library contained the following spells:

 Spells                   Type           Power        Failure   Level  Hunger
 Cause Fear               Hex            ######....   2%          4    None
 Magic Dart               Conj           ####         0%          1    None
 Fireball                 Conj/Fire      ########..   1%          5    None
 Apportation              Tloc           ######       1%          1    None
 Conjure Flame            Conj/Fire      ########     0%          3    None
 Bolt of Fire             Conj/Fire      ########..   1%          6    None
 Bolt of Cold             Conj/Ice       ########..   1%          6    None
 Bolt of Magma            Conj/Fire/Erth #######...   1%          5    None
 Slow                     Hex            ######..     1%          2    None
 Invisibility             Hex            ######..     38%         6    None
 Throw Flame              Conj/Fire      ######       0%          2    None
 Throw Frost              Conj/Ice       ######       0%          2    None
 Ring of Flames           Chrm/Fire      ######....   50%         7    None
 Venom Bolt               Conj/Pois      ########..   1%          5    None
 Teleport Other           Tloc           ######..     1%          3    None
 Summon Small Mammal      Summ           ####         1%          1    None
 Bolt of Draining         Conj/Necr      ########..   1%          5    None
 Lehudib's Crystal Spear  Conj/Erth      ########..   17%         8    ###....
 Fire Storm               Conj/Fire      ########..   92%         9    #####..
 Summon Horrible Things   Summ           ######....   100%        8    ###....
 Animate Dead             Necr           N/A          1%          4    None
 Pain                     Necr           ####         0%          1    None
 Animate Skeleton         Necr           N/A          0%          1    None
 Haunt                    Necr/Summ      #######...   38%         7    None
 Borgnjor's Revivificati  Necr           #######...   45%         8    ###....
 Freeze                   Ice            ####         1%          1    None
 Ozocubu's Refrigeration  Ice            ######....   38%         6    None
 Sticky Flame             Conj/Fire      ########     1%          4    None
 Dispel Undead            Necr           #######.     1%          5    None
 Poison Arrow             Conj/Pois      ########..   1%          6    None
 Sting                    Conj/Pois      ####         0%          1    None
 Sublimation of Blood     Necr           #######...   1%          2    None
 Tukima's Dance           Hex            ######..     1%          3    None
 Summon Demon             Summ           ######....   8%          5    None
 Corpse Rot               Necr           N/A          1%          2    None
 Iron Shot                Conj/Erth      ########..   1%          6    None
 Stone Arrow              Conj/Erth      ######       0%          3    None
 Shock                    Conj/Air       ####         0%          1    None
 Swiftness                Chrm/Air       #######.     1%          2    None
 Recall                   Summ/Tloc      N/A          1%          3    None
 Agony                    Necr           #######.     1%          5    None
 Spider Form              Tmut/Pois      ######....   1%          3    None
 Blade Hands              Tmut           ######....   1%          5    None
 Statue Form              Tmut/Erth      ######...    22%         6    None
 Ice Form                 Ice/Tmut       ######..     1%          4    None
 Dragon Form              Tmut           ######....   50%         7    None
 Necromutation            Tmut/Necr      #######...   82%         8    ###....
 Death Channel            Necr           #######...   1%          6    None
 Throw Icicle             Conj/Ice       ########     1%          4    None
 Glaciate                 Conj/Ice       ########..   92%         9    #####..
 Airstrike                Air            #######...   1%          4    None
 Shadow Creatures         Summ           N/A          38%         6    None
 Confusing Touch          Hex            ######       1%          1    None
 Flame Tongue             Conj/Fire      #####        0%          1    None
 Passwall                 Tmut/Erth      ######..     1%          2    None
 Ignite Poison            Fire/Tmut/Pois ######..     1%          3    None
 Call Canine Familiar     Summ           ######..     1%          3    None
 Ensorcelled Hibernation  Hex/Ice        ######       1%          2    None
 Metabolic Englaciation   Hex/Ice        ######....   8%          5    None
 Silence                  Hex/Air        ######....   2%          5    None
 Shatter                  Erth           ######....   100%        9    #####..
 Static Discharge         Conj/Air       ########     0%          3    None
 Corona                   Hex            ######.      1%          1    None
 Lee's Rapid Deconstruct  Erth           ######....   8%          5    None
 Sandblast                Erth           ######       1%          1    None
 Simulacrum               Ice/Necr       #######...   8%          6    None
 Conjure Ball Lightning   Conj/Air       ########..   1%          6    None
 Chain Lightning          Conj/Air       ########..   6%          8    ###....
 Excruciating Wounds      Chrm/Necr      #######...   1%          5    None
 Petrify                  Tmut/Erth      ######..     1%          4    None
 Passage of Golubria      Tloc           N/A          2%          4    None
 Malign Gateway           Summ/Tloc      ######....   90%         7    None
 Leda's Liquefaction      Hex/Erth       ######....   2%          4    None
 Darkness                 Hex            ######....   38%         6    None
 Shroud of Golubria       Chrm/Tloc      ######....   1%          2    None
 Inner Flame              Hex/Fire       ######..     1%          3    None
 Beastly Appendage        Tmut           ######       1%          1    None
 Iskenderun's Battlesphe  Conj/Chrm      ########     1%          5    None
 Fulminant Prism          Conj/Hex       ########..   1%          4    None
 Dazzling Spray           Conj/Hex       ######       0%          3    None
 Force Lance              Conj/Tloc      ########     1%          4    None
 Infusion                 Chrm           ####         1%          1    None
 Song of Slaying          Chrm           #######.     1%          2    None
 Spectral Weapon          Hex/Chrm       ######..     1%          3    None
 Searing Ray              Conj           ######       0%          2    None
 Summon Guardian Golem    Hex/Summ       ######..     1%          3    None
 Spellforged Servitor     Conj/Summ      ########..   2%          7    None
 Hydra Form               Tmut           ######....   12%         6    None
 Irradiate                Conj/Tmut      ########..   1%          5    None
 Gell's Gravitas          Tloc           ######....   1%          3    None
 Infestation              Necr           #######...   45%         8    ###....
 Lesser Beckoning         Tloc           ######....   1%          3    None
 Poisonous Vapours        Pois/Air       ######       1%          2    None
 Ignition                 Fire           ######....   100%        8    ###....
 Borgnjor's Vile Clutch   Necr/Erth      #######...   1%          5    None


Dungeon Overview and Level Annotations

Branches:
Dungeon (1/1)

Altars:
Cheibriados
Dithmenos
Elyvilon
Fedhas
Gozag
Hepliaklqana
Kikubaaqudgha
Makhleb
Nemelex Xobeh
Okawaru
Qazlal
Ru
Sif Muna
Trog
Uskayaw
Vehumet
Wu Jian
Xom
Yredelemnul
Zin
The Shining One
Beogh
Jiyva
Lugonu

Shops:
D *?[[


Innate Abilities, Weirdness & Mutations

You can spit globs of acid.
You are resistant to acid.
Your golden yellow scales are hard. (AC +9)
You cannot fit into any form of body armour.
You have acidic saliva.
You are cold-blooded and may be slowed by cold attacks.


Message History

* * * LOW HITPOINT WARNING * * *
Casting: Blink (safe; 1% risk of failure)
Confirm with . or Enter, or press ? or * to list all spells.
Aiming: Orb of Destruction (safe; 1% risk of failure)
Press: ? - help, Shift-Dir - straight line, f/p - golden dragon
Aim: a golden dragon (severely wounded)
You feel a surge of power!
* * * LOW HITPOINT WARNING * * *
The wavering orb of destruction hits the golden dragon.
You blow up the golden dragon!
Sif Muna accepts your kill.
You see here Ifue's Compendium of Creative Flight.
Sif Muna grants you a gift!
Your Spellcasting skill increases to level 26!
You have reached level 17!
You see here 10 stones.
You feel less invigorated.
The shadow dragon breathes negative energy at you.
The bolt of negative energy hits you!
You feel drained.
You die...

▓)▓.♣[♣.▓.▓.▓)▓.▓P
▓)▓.♣.♣.▓.▓.▓)▓.▓P
▓.▓.♣.♣.▓.▓.▓)▓.▓.
▓!▓.♣.♣.▓.▓.▓.▓.▓.
▓.▓.♣.♣.▓.▓.▓.▓.▓.
▓.▓.♣.♣.▓.▓.▓.▓.▓.
▓.▓.♣.♣.▓.▓.▓.▓.▓.
▓(▓.♣.♣.▓.▓.▓.▓.♣'
▓@▓.♣.♣.▓.▓.▓.▓.♣†
▓(▓.♣)♣.▓.▓.▓.▓.♣.
▓.▓.♣.♣.▓.▓.▓.▓.♣.
▓:▓.▓)▓.▓.▓.▓.▓.♣.
▓.▓.▓)▓.▓.▓.▓.▓.♣.
▓D▓.▓.▓.▓.▓.▓.▓.♣.
▓D▓.▓)▓.▓.▓.▓.▓.♣.
▓:▓.▓)▓.▓.▓.▓.▓.♣.
▓[▓.▓.▓.▓.▓.▓.▓.♣.


You could see 2 shadow dragons.

Vanquished Creatures
  Frederick (D)
  Nikola (D)
  2 golden dragons (D)
  Jory (D)
  A tentacled monstrosity (D)
  A thorn hunter (D)
  2 sphinxes (D)
  Agnes (D)
  3 shadow dragons (D)
  Ilsuiw (D)
  A tengu reaver (D)
  A frost giant (D)
  4 nagarajas (D)
  3 fire giants (D)
  2 vault wardens (D)
  An orc warlord (D)
  2 ghost moths (D)
  6 emperor scorpions (D)
  3 ironheart preservers (D)
  Louise (D)
  A spriggan defender (D)
  A very ugly thing (D)
  4 stone giants (D)
  Azrael (D)
  An entropy weaver (D)
  Nessos (D)
  A spark wasp (D)
  2 ettins (D)
  2 merfolk javelineers (D)
  Josephine (D)
  4 merfolk impalers (D)
  A yaktaur captain (D)
  A spriggan air mage (D)
  2 ice dragons (D)
  25 vault guards (D)
  A rakshasa (D)
  Erolcha (D)
  8 hydras (D)
  5 naga warriors (D)
  4 centaur warriors (D)
  4 merfolk aquamancers (D)
  2 merfolk avatars (D)
  An alligator (D)
  2 ogre magi (D)
  A deep troll earth mage (D)
  A spriggan berserker (D)
  A deep elf knight (D)
  A shock serpent (D)
  A hell knight (D)
  Nergalle (D)
  3 sea snakes (D)
  2 glowing orange brains (D)
  4 swamp dragons (D)
  A deep elf archer (D)
  4 lindwurms (D)
  2 necromancers (D)
  A wizard (D)
  A harpy (D)
  A shambling mangrove (D)
  5 ugly things (D)
  2 ironbrand convokers (D)
  10 orc knights (D)
  3 wolf spiders (D)
  2 orc sorcerers (D)
  A deep elf mage (D)
  2 black mambas (D)
  2 guardian serpents (D)
  2 merfolk sirens (D)
  2 moths of wrath (D)
  3 naga magi (D)
  2 vault sentinels (D)
  A rime drake (D)
  2 spiny frogs (D)
  A freezing wraith (D)
  2 demonic crawlers (D)
  A komodo dragon (D)
  A troll (D)
  2 jumping spiders (D)
  2 tyrant leeches (D)
  4 hornets (D)
  3 slime creatures (D)
  A spriggan (shapeshifter) (D)
  5 wraiths (D)
  5 redbacks (D)
  A water elemental (D)
  3 wyverns (D)
  5 yaks (D)
  A shadow (D)
  A yak (shapeshifter) (D)
  A fire elemental (D)
  Grum (D)
  A basilisk (D)
  An insubstantial wisp (D)
  5 nagas (D)
  2 vampire mosquitoes (D)
  2 water moccasins (D)
  An acid dragon (shapeshifter) (D)
  5 hell hounds (D)
  15 orc warriors (D)
  2 porcupines (D)
  A sky beast (D)
  An eye of draining (shapeshifter) (D)
  A boggart (D)
  A crocodile (D)
  5 wolves (D)
  2 centaurs (D)
  A big kobold (D)
  3 bullfrogs (D)
  A killer bee (shapeshifter) (D)
  2 killer bees (D)
  A howler monkey (D)
  A hound (D)
  2 orc wizards (D)
  2 orc priests (D)
  A gnoll shaman (D)
  2 iguanas (D)
  2 worker ants (D)
  A shadow imp (D)
  An ooze (D)
  An adder zombie (D)
  3 worms (D)
  An adder simulacrum (D)
  10 orcs (D)
  2 goblins (D)
  A kobold (D)
  A bat (D)
302 creatures vanquished.

Vanquished Creatures (others)
  A merfolk aquamancer (D)
1 creature vanquished.

Grand Total: 303 creatures vanquished

Notes
Turn   | Place    | Note
-------+----------+-------------------------------------------
     0 | D        | emperorscorpion the Draconian Transmuter began the quest for the Orb.
     0 | D        | Reached XP level 1. HP: 16/16 MP: 3/3
    23 | D        | Reached XP level 2. HP: 20/23 MP: 3/5
    67 | D        | Noticed a howler monkey
    70 | D        | Killed a howler monkey
    70 | D        | Reached skill level 5 in Unarmed Combat
    70 | D        | Reached skill level 3 in Spellcasting
    70 | D        | Reached XP level 3. HP: 28/28 MP: 4/7
    74 | D        | Reached XP level 4. HP: 17/35 MP: 4/9
    84 | D        | Reached skill level 4 in Spellcasting
    89 | D        | Learned a level 2 spell: Sticks to Snakes
    93 | D        | Learned a level 3 spell: Spider Form
    97 | D        | Found a roughly hewn altar of Beogh.
    97 | D        | Found a snail-covered altar of Cheibriados.
    97 | D        | Found a shadowy altar of Dithmenos.
    97 | D        | Found a white marble altar of Elyvilon.
    97 | D        | Found a blossoming altar of Fedhas.
    97 | D        | Found an opulent altar of Gozag.
    98 | D        | Found a hazy altar of Hepliaklqana.
    99 | D        | Found a viscous altar of Jiyva.
   100 | D        | Found an ancient bone altar of Kikubaaqudgha.
   101 | D        | Found a corrupted altar of Lugonu.
   102 | D        | Found a burning altar of Makhleb.
   103 | D        | Found a sparkling altar of Nemelex Xobeh.
   104 | D        | Found an iron altar of Okawaru.
   105 | D        | Found a stormy altar of Qazlal.
   106 | D        | Found a sacrificial altar of Ru.
   107 | D        | Found a deep blue altar of Sif Muna.
   108 | D        | Found a bloodstained altar of Trog.
   109 | D        | Found a hide-covered altar of Uskayaw.
   110 | D        | Found a radiant altar of Vehumet.
   111 | D        | Found an ornate altar of the Wu Jian Council.
   112 | D        | Found a shimmering altar of Xom.
   113 | D        | Found a basalt altar of Yredelemnul.
   114 | D        | Found a glowing silver altar of Zin.
   115 | D        | Became a worshipper of Sif Muna the Loreminder
   116 | D        | Found a glowing golden altar of the Shining One.
   134 | D        | Found the +6 Majin-Bo {vamp, Archmagi MP+6 Int+6}
   273 | D        | Noticed a big kobold
   273 | D        | Noticed a hornet
   273 | D        | Noticed a wyvern
   275 | D        | Reached XP level 5. HP: 32/41 MP: 11/11
   281 | D        | Reached skill level 5 in Dodging
   281 | D        | Reached skill level 5 in Spellcasting
   282 | D        | Reached skill level 1 in Evocations
   283 | D        | Reached * piety under Sif Muna
   283 | D        | Reached XP level 6. HP: 26/51 MP: 14/14
   284 | D        | Killed a hornet
   284 | D        | Reached skill level 6 in Spellcasting
   285 | D        | Killed a wyvern
   285 | D        | Your scales start taking on a golden yellow colour.
   285 | D        | Reached XP level 7. HP: 32/60 MP: 17/17
   459 | D        | Noticed a wyvern
   459 | D        | Noticed a wyvern
   464 | D        | Reached skill level 5 in Fighting
   464 | D        | Reached skill level 7 in Spellcasting
   469 | D        | Killed a wyvern
   469 | D        | Reached ** piety under Sif Muna
   483 | D        | Killed a wyvern
   483 | D        | Reached XP level 8. HP: 32/70 MP: 19/19
   644 | D        | Noticed a spiny frog
   655 | D        | Killed a spiny frog
   655 | D        | Reached skill level 10 in Staves
   655 | D        | Reached skill level 8 in Spellcasting
   661 | D        | Reached *** piety under Sif Muna
   673 | D        | Reached XP level 9. HP: 72/79 MP: 21/21
   709 | D        | Noticed a komodo dragon
   714 | D        | Noticed a rime drake
   720 | D        | Killed a komodo dragon
   732 | D        | Reached skill level 9 in Spellcasting
  1019 | D        | Reached **** piety under Sif Muna
  1033 | D        | Killed a rime drake
  1061 | D        | Noticed a tyrant leech
  1061 | D        | Noticed a lindwurm
  1061 | D        | Noticed a lindwurm
  1062 | D        | Noticed a lindwurm
  1070 | D        | Noticed a lindwurm
  1075 | D        | Killed a tyrant leech
  1077 | D        | Killed a lindwurm
  1077 | D        | Reached skill level 15 in Staves
  1077 | D        | Reached XP level 10. HP: 43/90 MP: 23/23
  1278 | D        | Killed a lindwurm
  1278 | D        | Reached ***** piety under Sif Muna
  1285 | D        | Killed a lindwurm
  1285 | D        | Reached skill level 1 in Stealth
  1304 | D        | Killed a lindwurm
  1304 | D        | Identified Sif Muna's Compendium of Flight (Sif Muna gifted it to you in the Dungeon)
  1304 | D        | Received a gift from Sif Muna
  1304 | D        | Reached skill level 10 in Spellcasting
  1313 | D        | Learned a level 5 spell: Lightning Bolt
  1548 | D        | Noticed Grum
  1582 | D        | Killed Grum
  1586 | D        | Reached skill level 1 in Conjurations
  1586 | D        | Reached skill level 1 in Air Magic
  1624 | D        | Noticed Erolcha
  1636 | D        | Killed Erolcha
  1636 | D        | Reached skill level 10 in Fighting
  1780 | D        | Noticed an orc sorcerer
  1782 | D        | Noticed an orc sorcerer
  1782 | D        | Received a gift from Sif Muna
  1789 | D        | Noticed a smoke demon
  1798 | D        | Killed an orc sorcerer
  1809 | D        | Noticed a rust devil
  1823 | D        | Noticed a rust devil
  1894 | D        | Learned a level 4 spell: Iskenderun's Mystic Blast
  1928 | D        | Killed an orc sorcerer
  1928 | D        | Reached skill level 10 in Dodging
  1928 | D        | Reached XP level 11. HP: 89/101 MP: 14/25
  2216 | D        | Found Gadaunai's General Store.
  2216 | D        | Noticed an orc knight
  2216 | D        | Noticed an orc knight
  2216 | D        | Noticed an orc knight
  2216 | D        | Noticed an orc knight
  2219 | D        | Noticed an orc knight
  2223 | D        | Killed an orc knight
  2223 | D        | Identified Sif Muna's Guide on Captivating Envenoming (Sif Muna gifted it to you in the Dungeon)
  2223 | D        | Received a gift from Sif Muna
  2377 | D        | Killed an orc knight
  2377 | D        | Reached skill level 5 in Conjurations
  2377 | D        | Reached skill level 5 in Air Magic
  2652 | D        | Killed an orc knight
  2652 | D        | Reached skill level 11 in Spellcasting
  2687 | D        | Killed an orc knight
  2836 | D        | Killed an orc knight
  2924 | D        | Noticed an orc knight
  2926 | D        | Noticed an orc knight
  2941 | D        | Killed an orc knight
  3159 | D        | Killed an orc knight
  3289 | D        | Noticed an orc knight
  3316 | D        | Killed an orc knight
  3390 | D        | Identified Sif Muna's Volume of Sinister Conjuration (Sif Muna gifted it to you in the Dungeon)
  3390 | D        | Received a gift from Sif Muna
  3430 | D        | Learned a level 3 spell: Vampiric Draining
  3462 | D        | Learned a level 3 spell: Mephitic Cloud
  3464 | D        | Found Ahowekky's Magic Scroll Shoppe.
  3516 | D        | Found Voozxonere's Armour Emporium.
  3520 | D        | Found Zoafad's Antique Armour Shoppe.
  3531 | D        | Bought a scarf of resistance for 384 gold pieces
  3533 | D        | Bought 2 scrolls of fog for 56 gold pieces
  3533 | D        | Bought a scroll of immolation for 49 gold pieces
  3533 | D        | Bought a scroll of enchant armour for 105 gold pieces
  3535 | D        | Bought a potion of mutation for 112 gold pieces
  3535 | D        | Bought a lightning rod (4/4) for 560 gold pieces
  3535 | D        | Bought 2 throwing nets for 84 gold pieces
  3535 | D        | Bought a potion of curing for 42 gold pieces
  3564 | D        | Noticed Josephine
  3569 | D        | Reached skill level 1 in Necromancy
  3572 | D        | Killed Josephine
  3572 | D        | Reached skill level 12 in Spellcasting
  3861 | D        | Noticed a white ugly thing
  3861 | D        | Noticed a brown ugly thing
  3861 | D        | Noticed a deep elf mage
  3884 | D        | Killed a brown ugly thing
  3884 | D        | Identified Sif Muna's Tome of Flames and the Snowflakes (Sif Muna gifted it to you in the Dungeon)
  3884 | D        | Received a gift from Sif Muna
  3895 | D        | Killed a brown ugly thing
  3895 | D        | Reached skill level 1 in Invocations
  3899 | D        | Noticed a white ugly thing
  4244 | D        | Killed a white ugly thing
  4244 | D        | Reached ****** piety under Sif Muna
  4244 | D        | Reached XP level 12. HP: 88/112 MP: 22/28
  4434 | D        | Noticed a stone giant
  4439 | D        | Noticed a fire giant
  4441 | D        | Killed a stone giant
  4441 | D        | Identified Sif Muna's Volume of Shifting Summoning (Sif Muna gifted it to you in the Dungeon)
  4441 | D        | Received a gift from Sif Muna
  4441 | D        | Reached skill level 13 in Spellcasting
  4554 | D        | Killed a fire giant
  4554 | D        | Reached skill level 10 in Conjurations
  4907 | D        | Noticed a centaur warrior
  4912 | D        | Killed a centaur warrior
  5021 | D        | Noticed a centaur warrior
  5025 | D        | Killed a centaur warrior
  5106 | D        | Noticed a rakshasa
  5212 | D        | Killed a rakshasa
  5212 | D        | Reached skill level 14 in Spellcasting
  5212 | D        | Reached skill level 5 in Necromancy
  5222 | D        | Learned a level 7 spell: Orb of Destruction
  5410 | D        | Identified Edom's Compendium of Nocuous Summoning (Sif Muna gifted it to you in the Dungeon)
  5410 | D        | Received a gift from Sif Muna
  5511 | D        | Noticed a merfolk avatar
  5515 | D        | Killed a merfolk avatar
  5518 | D        | Reached skill level 5 in Invocations
  5523 | D        | Identified Kussoez's Papyrus of the Snowflakes and Black Magic (Sif Muna gifted it to you in the Dungeon)
  5523 | D        | Received a gift from Sif Muna
  5524 | D        | Reached skill level 15 in Spellcasting
  5753 | D        | Noticed a naga warrior
  5753 | D        | Noticed a naga warrior
  5760 | D        | Noticed a nagaraja
  5761 | D        | Killed a naga warrior
  5764 | D        | Killed a naga warrior
  5765 | D        | Killed a nagaraja
  5765 | D        | Reached XP level 13. HP: 36/119 MP: 8/32
  5841 | D        | Identified Sif Muna's Advanced Secret Knowledge (Sif Muna gifted it to you in the Dungeon)
  5841 | D        | Received a gift from Sif Muna
  5841 | D        | Reached skill level 16 in Spellcasting
  6170 | D        | Noticed a spark wasp
  6180 | D        | Killed a spark wasp
  6368 | D        | Noticed a thorn hunter
  6368 | D        | Identified Sif Muna's Volume of Combat Magic (Sif Muna gifted it to you in the Dungeon)
  6368 | D        | Received a gift from Sif Muna
  6374 | D        | Killed a thorn hunter
  6374 | D        | Reached skill level 5 in Evocations
  6379 | D        | Upgraded the game from 0.22-a0-467-g5c5de1c to 0.22-a0-469-gf26638a
  6383 | D        | Learned a level 3 spell: Ozocubu's Armour
  6578 | D        | Noticed Nessos
  6584 | D        | Killed Nessos
  6584 | D        | Reached skill level 17 in Spellcasting
  6584 | D        | Reached skill level 1 in Charms
  6606 | D        | Noticed Agnes
  6839 | D        | Killed Agnes
  6992 | D        | Noticed an ettin
  6992 | D        | Noticed a stone giant
  6994 | D        | Identified Dispater's Disquisition on Attacks and Earth (Sif Muna gifted it to you in the Dungeon)
  6994 | D        | Received a gift from Sif Muna
  6998 | D        | Killed a stone giant
  6998 | D        | Noticed an ettin
  7000 | D        | Killed an ettin
  7000 | D        | Reached skill level 5 in Stealth
  7002 | D        | Noticed a spriggan defender
  7012 | D        | Killed an ettin
  7018 | D        | Killed a spriggan defender
  7018 | D        | Identified Utao's Reference Book on Hurtful Shape Shifting (Sif Muna gifted it to you in the Dungeon)
  7018 | D        | Received a gift from Sif Muna
  7018 | D        | Reached skill level 15 in Conjurations
  7471 | D        | Noticed a fire giant
  7479 | D        | HP: 1/122 [fire giant/fireball (28)]
  7483 | D        | Killed a fire giant
  7483 | D        | Gained mutation: You have acidic saliva. [Yellow Draconian growth]
  7483 | D        | Reached XP level 14. HP: 16/129 MP: 9/35
  7890 | D        | Reached skill level 18 in Spellcasting
  7982 | D        | Noticed a vault warden
  7984 | D        | Noticed a vault warden
  7987 | D        | Reached skill level 10 in Invocations
  7987 | D        | Received a gift from Sif Muna
  7988 | D        | Killed a vault warden
  7988 | D        | Reached skill level 5 in Charms
  7990 | D        | Killed a vault warden
  8004 | D        | Learned a level 3 spell: Regeneration
  8006 | D        | Noticed an ironheart preserver
  8011 | D        | Received a gift from Sif Muna
  8023 | D        | Killed an ironheart preserver
  8026 | D        | Noticed a red very ugly thing
  8028 | D        | Noticed an entropy weaver
  8029 | D        | Noticed an ironheart preserver
  8037 | D        | Killed a red very ugly thing
  8037 | D        | Killed an entropy weaver
  8037 | D        | Reached skill level 19 in Spellcasting
  8040 | D        | Killed an ironheart preserver
  8040 | D        | Identified Sif Muna's Volume of Excruciating Air (Sif Muna gifted it to you in the Dungeon)
  8040 | D        | Received a gift from Sif Muna
  8054 | D        | Learned a level 6 spell: Deflect Missiles
  8248 | D        | Noticed Nergalle
  8253 | D        | Killed Nergalle
  8258 | D        | Noticed Louise
  8264 | D        | Killed Louise
  8421 | D        | Learned a level 6 spell: Freezing Cloud
  8535 | D        | Noticed Jory
  8541 | D        | Killed Jory
  8562 | D        | Noticed Frederick
  8578 | D        | Killed Frederick
  8578 | D        | Identified Sif Muna's Papyrus of Damaging Augmentations (Sif Muna gifted it to you in the Dungeon)
  8578 | D        | Received a gift from Sif Muna
  8928 | D        | Noticed an emperor scorpion
  8928 | D        | Noticed an emperor scorpion
  8932 | D        | Killed a ghost moth
  8932 | D        | Reached skill level 20 in Spellcasting
  8934 | D        | Noticed an emperor scorpion
  8935 | D        | Killed an emperor scorpion
  8936 | D        | Identified Sif Muna's Guide on Self-Knowledge (Sif Muna gifted it to you in the Dungeon)
  8936 | D        | Received a gift from Sif Muna
  8937 | D        | Killed an emperor scorpion
  9191 | D        | Killed an emperor scorpion
  9191 | D        | Reached XP level 15. HP: 113/136 MP: 23/39
  9274 | D        | Killed a ghost moth
  9274 | D        | Reached skill level 10 in Evocations
  9621 | D        | Received a gift from Sif Muna
  9887 | D        | Got a gossamer rune of Zot
  9898 | D        | Reached skill level 21 in Spellcasting
  9907 | D        | Identified Sif Muna's Handbook of the Freezing Rocks (Sif Muna gifted it to you in the Dungeon)
  9907 | D        | Received a gift from Sif Muna
  9911 | D        | Killed Ilsuiw
  9935 | D        | Got a barnacled rune of Zot
 10061 | D        | Identified Sif Muna's Guide on the Unholy Snowflakes (Sif Muna gifted it to you in the Dungeon)
 10061 | D        | Received a gift from Sif Muna
 10061 | D        | Reached skill level 22 in Spellcasting
 10091 | D        | Received a gift from Sif Muna
 10442 | D        | Got a decaying rune of Zot
 10450 | D        | Noticed a nagaraja
 10451 | D        | Noticed a nagaraja
 10460 | D        | Killed a nagaraja
 10460 | D        | Received a gift from Sif Muna
 10463 | D        | Killed a nagaraja
 10493 | D        | Noticed a nagaraja
 10496 | D        | Got a serpentine rune of Zot
 10500 | D        | Killed a nagaraja
 10725 | D        | Noticed Nikola
 10732 | D        | Killed Nikola
 10732 | D        | Identified Sif Muna's Handbook of Displaced Cold (Sif Muna gifted it to you in the Dungeon)
 10732 | D        | Received a gift from Sif Muna
 10732 | D        | Reached skill level 23 in Spellcasting
 10737 | D        | Noticed Azrael
 10741 | D        | Killed Azrael
 11177 | D        | Reached XP level 16. HP: 112/146 MP: 43/43
 11177 | D        | Received a gift from Sif Muna
 11228 | D        | Identified Sif Muna's Catalogue of Creative Clay (Sif Muna gifted it to you in the Dungeon)
 11228 | D        | Received a gift from Sif Muna
 11240 | D        | Reached skill level 15 in Fighting
 11240 | D        | Reached skill level 24 in Spellcasting
 11255 | D        | Reached skill level 15 in Evocations
 11287 | D        | Received a gift from Sif Muna
 11584 | D        | Noticed a sphinx
 11589 | D        | Killed a sphinx
 11646 | D        | Identified Sif Muna's Grimoire of Ashen Heat (Sif Muna gifted it to you in the Dungeon)
 11646 | D        | Received a gift from Sif Muna
 11653 | D        | Noticed a shadow dragon
 11662 | D        | Killed a shadow dragon
 11685 | D        | Noticed a sphinx
 11690 | D        | Killed a sphinx
 11730 | D        | Noticed a shadow dragon
 11738 | D        | Killed a shadow dragon
 11747 | D        | Received a gift from Sif Muna
 11747 | D        | Reached skill level 25 in Spellcasting
 11764 | D        | Learned a level 2 spell: Blink
 11873 | D        | Learned a level 8 spell: Death's Door
 12055 | D        | Noticed a shadow dragon
 12055 | D        | Noticed a tentacled monstrosity
 12055 | D        | Noticed a golden dragon
 12055 | D        | Noticed a shadow dragon
 12057 | D        | Noticed a golden dragon
 12061 | D        | Killed a shadow dragon
 12065 | D        | Killed a tentacled monstrosity
 12065 | D        | Received a gift from Sif Muna
 12065 | D        | Noticed a shadow dragon
 12070 | D        | Killed a golden dragon
 12074 | D        | Killed a golden dragon
 12074 | D        | Identified Ifue's Compendium of Creative Flight (Sif Muna gifted it to you in the Dungeon)
 12074 | D        | Received a gift from Sif Muna
 12074 | D        | Reached skill level 26 in Spellcasting
 12074 | D        | Reached XP level 17. HP: 29/159 MP: 33/47
 12077 | D        | Killed from afar by a shadow dragon

Vault maps used:
D:        linesprint

Skill      XL: |  1  2  3  4  5  6  7  8  9 10 11 12 13 14 15 16 |
---------------+-------------------------------------------------+-----
Dodging        | 2 3 4 5 7 8 10 11 12 13 14 | 14.6
Unarmed Combat | 4 5 6 7 |  7.6
Spellcasting   | 3 4 5 6 7 8 9 10 12 15 17 20 23 26 | 26.1
Transmutations | 3 |  3.9
Fighting       | 2 3 4 6 7 8 10 12 13 14 16 | 16.4
Staves         | 2 4 7 9 11 15 16 | 16.1
Evocations     | 1 2 3 6 9 13 17 | 17.3
Stealth        | 1 3 4 5 6 |  6.6
Conjurations   | 4 9 12 15 18 21 23 | 23.7
Air Magic      | 4 6 |  6.3
Necromancy     | 3 5 7 8 9 |  9.2
Invocations    | 1 6 9 11 | 11.6
Charms         | 4 5 6 7 |  7.4
Throwing       | |  0.9
Translocations | |  0.4

Action                   |  1- 3 |  4- 6 |  7- 9 | 10-12 | 13-15 | 16-18 || total
-------------------------+-------+-------+-------+-------+-------+-------++-------
Melee: Unarmed           |    22 |     8 |       |       |       |       ||    30
       Tailslap          |     2 |     1 |    14 |    30 |    12 |     4 ||    63
       Punch             |     1 |       |       |       |       |       ||     1
       Headbutt          |     2 |     1 |       |     4 |       |       ||     7
       Quarterstaff      |       |     8 |   118 |   217 |   101 |    60 ||   504
       Bite              |       |       |       |       |     9 |     7 ||    16
Throw: Tomahawk          |       |       |       |     2 |       |       ||     2
 Cast: Beastly Appendage |     2 |       |       |     1 |       |       ||     3
       Sticks to Snakes  |       |     1 |     8 |     3 |     1 |       ||    13
       Iskenderun's Myst |       |       |       |   103 |    13 |     2 ||   118
       Lightning Bolt    |       |       |       |    18 |    26 |       ||    44
       Mephitic Cloud    |       |       |       |     4 |     5 |     1 ||    10
       Orb of Destructio |       |       |       |       |    44 |    21 ||    65
       Vampiric Draining |       |       |       |       |     3 |       ||     3
       Regeneration      |       |       |       |       |     4 |     3 ||     7
       Deflect Missiles  |       |       |       |       |     1 |       ||     1
       Freezing Cloud    |       |       |       |       |     2 |       ||     2
       Blink             |       |       |       |       |       |     1 ||     1
Invok: Channel Magic     |       |       |       |     1 |     1 |     2 ||     4
       Forget Spell      |       |       |       |       |       |     2 ||     2
 Abil: Breathe Acid      |       |       |     7 |    15 |     6 |     3 ||    31
Evoke: Wand              |       |     4 |     5 |     1 |       |       ||    10
       Lightning rod     |       |       |       |     8 |   100 |    42 ||   150
  Use: Potion            |     1 |       |       |       |     9 |       ||    10
       Scroll            |       |       |       |       |     4 |     2 ||     6
  Eat: Ration            |       |     1 |       |       |     6 |       ||     7
       Chunk             |       |       |     2 |    22 |     5 |     4 ||    33
Armor: Skin              |     4 |     3 |    18 |    23 |    34 |    19 ||   101
Dodge: Dodged            |    13 |     8 |    54 |   146 |   138 |    29 ||   388
       Deflected         |       |       |       |       |     8 |       ||     8

Table legend:
 A = Spawn XP
 B = Non-spawn XP
 C = Spawn XP percentage of total XP
 D = Spawn monster count
 E = Non-spawn monster count
 F = Spawn count percentage of total count
 G = Total turns spent on level
                    A         B        C        D         E        F      G
               +---------+---------+-------+---------+---------+-------+---------
         Total |       0 |  216091 |   0.0 |       0 |     303 |   0.0 | 12077
               +---------+---------+-------+---------+---------+-------+---------
             D |       0 |  216091 |   0.0 |       0 |     303 |   0.0 | 12077
               +---------+---------+-------+---------+---------+-------+---------
